 Dungeon Crawl Stone Soup version 0.30-a0-341-g6827065 (webtiles) character file.

Game seed: 6871834253743608720

41 Dorkslayer the Trooper (level 3, 0/29 HPs)
             Began as a Human Fighter on Nov 1, 2022.
             Succumbed to an adder's poison
             ... on level 2 of the Dungeon.
             The game lasted 00:01:49 (600 turns).

Dorkslayer the Trooper (Human Fighter)               Turns: 600, Time: 00:01:50

Health: 0/29       AC:  6    Str: 18    XL:     3   Next: 75%
Magic:  3/3        EV:  9    Int:  8    God:
Gold:   62         SH:  4    Dex: 10    Spells: 2/2 levels left

rFire   . . .      SeeInvis .    i - +0 broad axe
rCold   . . .      Faith    .    c - +0 buckler
rNeg    . . .      Spirit   .    b - +0 scale mail
rPois   .          Reflect  .    (no helmet)
rElec   .          Harm     .    (no cloak)
rCorr   .          Rampage  .    (no gloves)
Will    .....                    (no boots)
Stlth   ..........               (no amulet)
HPRegen 0.24/turn                (no ring)
MPRegen 0.08/turn                (no ring)

@: lethally poisoned (0 -> -4), attractive
A: clumsy 1
a: no special abilities


You were on level 2 of the Dungeon.
You visited 1 branch of the dungeon, and saw 2 of its levels.

You collected 62 gold pieces.

Inventory:

Hand Weapons
 a - a +0 long sword
 i - a +0 broad axe (weapon)
Armour
 b - a +0 scale mail (worn)
 c - a +0 buckler (worn)
Scrolls
 h - a scroll of teleportation
Potions
 d - 2 potions of might
 j - a potion of heal wounds {unknown}


   Skills:
 + Level 3.3 Fighting
 + Level 2.3 Long Blades
 * Level 0.9 Axes
 + Level 3.2 Armour
 * Level 0.8 Dodging
 + Level 3.2 Shields


You had 2 spell levels left.
You didn't know any spells.
Your spell library was empty.

Dungeon Overview and Level Annotations

Branches:
Dungeon (2/15)

Altars:


Innate Abilities, Weirdness & Mutations

You are clumsy. (Dex -2)


Message History

You barely miss the adder. The adder bites you but does no damage.
The adder bites you.
You are poisoned.
The adder poisons you!
You miss the adder.
You feel sick. The adder closely misses you. The adder bites you.
You are more poisoned.
The adder poisons you!
You closely miss the adder.
You feel very sick. The adder barely misses you. x2
You barely miss the adder.
You feel sick. The adder closely misses you.
The adder bites you but does no damage.
You closely miss the adder.
You feel sick. The adder closely misses you.
The adder bites you but does no damage.
You closely miss the adder.
You feel sick.
You are no longer poisoned.
The adder barely misses you. The adder bites you.
You are poisoned.
The adder poisons you!
You miss the adder.
You feel very sick. The adder barely misses you. The adder bites you. x2
* * * LOW HITPOINT WARNING * * *
You are lethally poisoned!
The adder poisons you!
You barely miss the adder.
* * * LOW HITPOINT WARNING * * *
You feel very sick. The adder bites you but does no damage.
The adder closely misses you.
It was a potion of attraction.
You feel attractive to monsters.
* * * LOW HITPOINT WARNING * * *
You feel sick. The adder bites you but does no damage.
It was a potion of mutation.
You feel extremely strange.
You feel clumsy.
* * * LOW HITPOINT WARNING * * *
You feel sick. The adder barely misses you.
It was a potion of magic.
Magic courses through your body.
You die...

........# ..#
#.......# ..####
#.#.#...# .....
##.#.#...# ...#
####......$.#####..#
.....$...........g.#
#.....#.####....# #
#S##.....<.[##
###.#@########..#
.#.#.#.#.## #....#
...........# #..###
#.#.#.#.#.## #...
.........# #..##
#.#.#.#.### #..#
...........####..#
#.#.#.#.#.#......
#######..........


You could see an adder.

Vanquished Creatures
  2 dart slugs (D:1)
  2 bats (D:1)
  4 endoplasms (D:1)
  2 goblins (D:1)
  7 hobgoblins (D:1)
  3 quokkas (D:1)
  4 ball pythons (D:1)
  A frilled lizard (D:1)
  2 kobolds
  6 rats (D:1)
33 creatures vanquished.

Notes
Turn   | Place    | Note
-------+----------+-------------------------------------------
     0 | D:1      | Dorkslayer the Human Fighter began the quest for the Orb.
     0 | D:1      | Reached XP level 1. HP: 18/18 MP: 1/1
    92 | D:1      | Reached XP level 2. HP: 24/24 MP: 2/2
   198 | D:1      | Reached XP level 3. HP: 26/29 MP: 3/3
   599 | D:2      | Gained mutation: You are clumsy. (Dex -2) [potion of
                  | mutation]
   599 | D:2      | HP: 1/29 [poisoned by an adder]
   600 | D:2      | Succumbed to an adder's poison

Illustrated notes

Levels and vault maps discovered:
D:1:      onia_arrival_mini_spirals, layout_rooms
D:2:      layout_loops_ring, serial_shops,
          nicolae_shop_temple_entry_statues_fountains, st_stairs_12

Action                   || total
-------------------------++-------
Melee: Long sword        ||    42
       Broad axe         ||    63
  Use: Potion            ||     3
       Scroll            ||     1
Armor: Scale mail        ||    48
Dodge: Dodged            ||    47
Block: Buckler           ||    29

Table legend: (Time is in decaauts)
 A = Elapsed time spent in this place.
 B = Non-inter-level travel time spent in this place.
 C = Inter-level travel time spent in this place.
 D = Time resting spent in this place.
 E = Time spent auto-exploring this place.
 F = Levels seen in this place.
 G = Mean time per level.
                   A        B        C        D        E       F      G
               +--------+--------+--------+--------+--------+-----+--------+
         Total |    651 |    651 |      0 |      0 |    318 |   2 |  325.5 |
       Dungeon |    651 |    651 |      0 |      0 |    318 |   2 |  325.5 |
               +--------+--------+--------+--------+--------+-----+--------+

Top non-repeatable levels by time:
     D:1: 613 daAuts
     D:2: 38 daAuts
